[ AOE2 MATCH · #478283512 ]
UnrankedHindustanis vs Franks
[ REPLAY ANALYSIS · EXTRACTED FROM THE RECORDED GAME ]
Feudal
10:31
Castle
14:47
Imperial
—
| APM avg | 35.4 |
| APM peak | 56 |
| eAPM avg | 16.6 |
| Villagers / military | 90 / 59 |
Focus
⚔️ 25.0% · 🌾 75.0%
Camel Scout ×59
Feudal
9:20
Castle
21:04
Imperial
—
| APM avg | 53.5 |
| APM peak | 87 |
| eAPM avg | 19.0 |
| Villagers / military | 62 / 78 |
Focus
⚔️ 44.3% · 🌾 55.7%
Archer ×77 · Mangonel ×1
Feudal
8:55
Castle
26:48
Imperial
—
| APM avg | 45.2 |
| APM peak | 97 |
| eAPM avg | 17.0 |
| Villagers / military | 52 / 41 |
Focus
⚔️ 22.9% · 🌾 77.1%
Archer ×41
Feudal
8:31
Castle
18:23
Imperial
—
| APM avg | 45.3 |
| APM peak | 95 |
| eAPM avg | 16.0 |
| Villagers / military | 60 / 85 |
Focus
⚔️ 45.2% · 🌾 54.8%
Archer ×85
Feudal
8:37
Castle
20:08
Imperial
—
| APM avg | 37.6 |
| APM peak | 68 |
| eAPM avg | 11.0 |
| Villagers / military | 51 / 26 |
Focus
⚔️ 29.4% · 🌾 70.6%
Battle Elephant ×17 · Scout Cavalry ×9
Feudal
12:01
Castle
16:35
Imperial
—
| APM avg | 40.6 |
| APM peak | 106 |
| eAPM avg | 16.5 |
| Villagers / military | 70 / 53 |
Focus
⚔️ 27.0% · 🌾 73.0%
Knight ×53
Feudal
12:36
Castle
16:21
Imperial
—
| APM avg | 64.0 |
| APM peak | 365 |
| eAPM avg | 30.6 |
| Villagers / military | 98 / 50 |
Focus
⚔️ 68.0% · 🌾 32.0%
Steppe Lancer ×41 · Scout Cavalry ×9
Feudal
8:53
Castle
26:41
Imperial
—
| APM avg | 41.9 |
| APM peak | 88 |
| eAPM avg | 22.5 |
| Villagers / military | 62 / 23 |
Focus
⚔️ 22.6% · 🌾 77.4%
Archer ×11 · Spearman ×5 · Militia ×4 · Mangonel ×3
Match map
Initial resources + every placement click. Lines = walls · curves = elevation contours. ◆ gold · ⬟ stone · ● berries · ✦ relic · ◌ wall gap
Your base· ✓ Closed at 14:47 · 0t walls · 3 gate(s)
MODI's base· ✓ Closed at 21:04 · 0t walls · 2 gate(s)
Avenger's base· ✓ Closed at 26:48 · 3t walls · 3 gate(s)
PEPPA's base· ✓ Closed at 18:23 · 0t walls · 2 gate(s)
TRush's base· ✓ Closed at 20:08 · 0t walls · 4 gate(s)
FraGStaR's base· ✓ Closed at 16:35 · 4t walls · 3 gate(s)
Morty2's base· ✓ Closed at 16:21 · 0t walls · 3 gate(s)
Mirror's base· ✓ Closed at 26:41 · 18t walls · 3 gate(s)
Smoothed initial terrain · ◌ = detected wall gap · hover for details
Inputs per minute
— AMMbush - - MODI
Build order — AMMbush
First 150 of 253 actions detected
| 0:01 | Create | Villager (Male) |
| 0:02 | Build | House |
| 0:04 | Build | House |
| 0:07 | Create | Villager (Male) ×3 |
| 1:12 | Create | Villager (Male) |
| 1:12 | Create | Villager (Male) |
| 1:30 | Create | Villager (Male) |
| 1:52 | Build | Lumber Camp |
| 2:26 | Create | Villager (Male) |
| 2:38 | Create | Villager (Male) |
| 2:47 | Create | Villager (Male) |
| 3:35 | Create | Villager (Male) |
| 3:36 | Create | Villager (Male) |
| 3:36 | Create | Villager (Male) |
| 3:49 | Build | House |
| 3:49 | Build | House |
| 3:50 | Build | House |
| 4:23 | Create | Villager (Male) |
| 4:27 | Build | Mill |
| 4:33 | Create | Villager (Male) |
| 4:33 | Create | Villager (Male) |
| 4:33 | Create | Villager (Male) |
| 5:47 | Create | Villager (Male) |
| 5:47 | Create | Villager (Male) |
| 6:53 | Create | Villager (Male) |
| 6:53 | Create | Villager (Male) |
| 6:54 | Create | Villager (Male) |
| 7:34 | Build | Mining Camp |
| 8:11 | Research | Feudal Age |
| 8:26 | Build | Farm |
| 8:28 | Build | Farm |
| 8:30 | Build | Farm |
| 8:31 | Create | Villager (Male) |
| 8:31 | Create | Villager (Male) |
| 8:41 | Build | Farm |
| 8:45 | Build | Farm |
| 9:41 | Build | Barracks |
| 10:31 | Age | Feudal Age |
| 10:38 | Build | Blacksmith |
| 11:26 | Build | Stable |
| 11:27 | Create | Villager (Male) |
| 12:07 | Research | Castle Age |
| 12:46 | Build | Farm |
| 12:47 | Build | Farm |
| 12:51 | Research | Double-Bit Axe |
| 12:59 | Build | House |
| 12:59 | Build | House |
| 13:00 | Build | House |
| 13:03 | Create | Villager (Male) |
| 13:48 | Build | Stable |
| 13:51 | Research | Bloodlines |
| 14:04 | Build | Farm |
| 14:33 | Research | Scale Barding Armor |
| 14:40 | Build | Farm |
| 14:47 | Age | Castle Age |
| 14:50 | Create | Camel Scout |
| 14:50 | Create | Camel Scout |
| 14:52 | Create | Camel Scout |
| 14:52 | Create | Camel Scout |
| 14:59 | Build | House |
| 15:11 | Create | Villager (Male) |
| 15:21 | Create | Camel Scout |
| 15:21 | Create | Camel Scout |
| 15:27 | Build | Farm |
| 15:34 | Create | Camel Scout |
| 15:41 | Create | Villager (Male) |
| 16:08 | Create | Camel Scout |
| 16:10 | Create | Villager (Male) |
| 16:14 | Build | Farm |
| 16:15 | Build | Farm |
| 16:32 | Build | Farm |
| 16:34 | Create | Camel Scout |
| 16:39 | Create | Villager (Male) |
| 16:57 | Create | Villager (Male) |
| 17:06 | Build | Farm |
| 17:07 | Build | Farm |
| 17:12 | Create | Camel Scout |
| 17:14 | Create | Villager (Male) |
| 17:32 | Create | Villager (Male) |
| 17:44 | Create | Camel Scout |
| 17:49 | Research | Horse Collar |
| 18:04 | Create | Villager (Male) |
| 18:13 | Create | Villager (Male) |
| 18:28 | Create | Villager (Male) |
| 18:31 | Create | Camel Scout |
| 18:31 | Create | Camel Scout |
| 18:51 | Create | Camel Scout |
| 18:52 | Create | Villager (Male) |
| 18:54 | Build | Farm |
| 18:54 | Build | Farm |
| 19:08 | Create | Camel Scout |
| 19:09 | Create | Villager (Male) |
| 19:24 | Build | House |
| 19:24 | Build | House |
| 19:45 | Create | Camel Scout |
| 19:46 | Research | Husbandry |
| 20:10 | Create | Villager (Male) |
| 20:14 | Build | Town Center |
| 20:26 | Create | Camel Scout |
| 20:41 | Create | Camel Scout |
| 20:46 | Create | Villager (Male) |
| 21:04 | Research | Loom |
| 21:15 | Create | Villager (Male) |
| 21:17 | Create | Camel Scout |
| 21:17 | Create | Camel Scout |
| 21:21 | Create | Villager (Male) |
| 21:37 | Build | Farm |
| 21:38 | Build | Farm |
| 21:39 | Build | Farm |
| 21:42 | Research | Bow Saw |
| 21:43 | Create | Camel Scout |
| 22:00 | Create | Camel Scout |
| 22:24 | Research | Wheelbarrow |
| 22:25 | Create | Villager (Male) |
| 22:39 | Create | Camel Scout |
| 22:39 | Create | Camel Scout |
| 22:47 | Create | Villager (Male) |
| 22:51 | Build | Lumber Camp |
| 22:55 | Build | Farm |
| 23:08 | Create | Villager (Male) |
| 23:11 | Build | House |
| 23:11 | Build | House |
| 23:12 | Build | House |
| 23:28 | Create | Camel Scout |
| 23:28 | Create | Camel Scout |
| 23:29 | Create | Camel Scout |
| 23:31 | Create | Villager (Male) |
| 23:31 | Create | Villager (Male) |
| 23:48 | Create | Camel Scout |
| 23:50 | Create | Villager (Male) |
| 23:58 | Build | Farm |
| 23:59 | Build | Farm |
| 24:13 | Create | Camel Scout |
| 24:14 | Create | Villager (Male) |
| 24:23 | Create | Camel Scout |
| 24:24 | Create | Villager (Male) |
| 24:25 | Create | Villager (Male) |
| 24:37 | Build | Town Center |
| 24:45 | Create | Camel Scout |
| 24:46 | Create | Camel Scout |
| 24:53 | Create | Villager (Male) |
| 24:53 | Create | Villager (Male) |
| 25:14 | Research | Chain Barding Armor |
| 25:20 | Create | Villager (Male) |
| 25:29 | Build | Farm |
| 25:31 | Create | Villager (Male) |
| 25:51 | Research | Forging |
| 25:51 | Create | Villager (Male) |
| 26:02 | Build | Stable |
| 26:06 | Create | Villager (Male) |
Build order — MODI
First 150 of 196 actions detected
| 0:01 | Create | Villager (Male) ×4 |
| 0:02 | Build | House |
| 0:04 | Build | House |
| 1:28 | Create | Villager (Male) |
| 1:54 | Build | Lumber Camp |
| 2:00 | Create | Villager (Male) |
| 2:00 | Create | Villager (Male) |
| 3:00 | Create | Villager (Male) |
| 3:01 | Create | Villager (Male) |
| 3:26 | Create | Villager (Male) |
| 4:01 | Build | House |
| 4:02 | Build | House |
| 4:04 | Create | Villager (Male) |
| 4:15 | Create | Villager (Male) |
| 4:15 | Create | Villager (Male) |
| 5:04 | Create | Villager (Male) |
| 5:04 | Create | Villager (Male) |
| 5:33 | Create | Villager (Male) |
| 5:33 | Create | Villager (Male) |
| 5:53 | Create | Villager (Male) |
| 5:58 | Build | Mining Camp |
| 6:19 | Create | Villager (Male) |
| 7:09 | Research | Feudal Age |
| 7:32 | Build | Barracks |
| 9:13 | Create | Villager (Male) |
| 9:20 | Age | Feudal Age |
| 9:22 | Build | Archery Range |
| 9:24 | Build | Archery Range |
| 9:32 | Research | Double-Bit Axe |
| 9:39 | Create | Villager (Male) |
| 9:54 | Build | House |
| 10:05 | Build | Mill |
| 10:10 | Create | Villager (Male) |
| 10:18 | Build | Blacksmith |
| 10:19 | Create | Archer |
| 10:20 | Create | Archer |
| 10:40 | Create | Villager (Male) |
| 10:43 | Build | House |
| 10:54 | Create | Archer |
| 11:05 | Create | Archer |
| 11:10 | Create | Villager (Male) |
| 11:17 | Build | Mill |
| 11:34 | Create | Villager (Male) |
| 11:36 | Create | Archer |
| 11:52 | Create | Archer |
| 12:12 | Create | Villager (Male) |
| 12:14 | Build | House |
| 12:23 | Create | Archer |
| 12:28 | Build | Farm |
| 12:37 | Create | Archer |
| 12:49 | Research | Fletching |
| 12:50 | Create | Archer |
| 12:50 | Create | Archer |
| 12:57 | Create | Archer |
| 13:01 | Build | Farm |
| 13:03 | Build | Farm |
| 13:16 | Create | Archer |
| 13:24 | Create | Villager (Male) |
| 13:30 | Build | House |
| 13:33 | Build | House |
| 13:46 | Build | Farm |
| 13:48 | Build | Farm |
| 13:52 | Create | Archer |
| 13:53 | Create | Villager (Male) |
| 14:10 | Build | Farm |
| 14:13 | Build | Farm |
| 14:17 | Create | Archer |
| 14:18 | Create | Villager (Male) |
| 14:39 | Create | Villager (Male) |
| 14:47 | Build | Farm |
| 14:59 | Create | Archer |
| 15:00 | Create | Villager (Male) |
| 15:11 | Build | House |
| 15:17 | Create | Archer |
| 15:18 | Create | Villager (Male) |
| 15:29 | Build | Farm |
| 15:37 | Build | House |
| 15:55 | Create | Archer |
| 15:55 | Create | Archer |
| 16:16 | Create | Villager (Male) |
| 16:47 | Create | Archer |
| 16:47 | Create | Archer |
| 16:48 | Create | Villager (Male) |
| 17:28 | Create | Archer |
| 17:28 | Create | Archer |
| 17:29 | Create | Villager (Male) |
| 17:49 | Build | Market |
| 18:24 | Research | Castle Age |
| 18:25 | Research | Loom |
| 19:05 | Create | Archer |
| 19:05 | Create | Archer |
| 19:29 | Create | Archer |
| 19:29 | Create | Archer |
| 19:30 | Create | Villager (Male) |
| 19:33 | Build | Archery Range |
| 19:40 | Build | House |
| 19:41 | Build | House |
| 19:44 | Research | Gold Mining |
| 19:46 | Create | Archer |
| 19:47 | Create | Archer |
| 19:52 | Research | Padded Archer Armor |
| 20:20 | Create | Archer |
| 20:20 | Create | Archer |
| 20:41 | Build | House |
| 21:04 | Age | Castle Age |
| 21:06 | Research | Crossbowman (upgrade) |
| 21:07 | Research | Bodkin Arrow |
| 21:10 | Create | Archer |
| 21:10 | Create | Archer |
| 21:21 | Build | University |
| 21:26 | Create | Villager (Male) |
| 21:38 | Create | Archer |
| 21:38 | Create | Archer |
| 21:40 | Create | Villager (Male) |
| 22:17 | Research | Ballistics |
| 22:19 | Create | Archer |
| 22:19 | Create | Archer |
| 22:19 | Create | Archer |
| 22:20 | Create | Villager (Male) |
| 22:20 | Create | Villager (Male) |
| 22:31 | Build | House |
| 22:32 | Build | House |
| 22:33 | Create | Villager (Male) |
| 23:19 | Create | Archer |
| 23:19 | Create | Archer |
| 23:20 | Create | Archer |
| 23:20 | Create | Archer |
| 23:23 | Build | House |
| 23:24 | Build | House |
| 23:25 | Create | Villager (Male) |
| 23:27 | Research | Bow Saw |
| 23:32 | Create | Archer |
| 23:32 | Create | Archer |
| 23:50 | Create | Archer |
| 23:50 | Create | Archer |
| 23:56 | Create | Villager (Male) |
| 24:10 | Create | Archer |
| 24:10 | Create | Archer |
| 24:10 | Create | Archer |
| 24:12 | Create | Villager (Male) |
| 25:01 | Create | Archer |
| 25:01 | Create | Archer |
| 25:02 | Create | Archer |
| 25:02 | Create | Archer |
| 25:14 | Create | Villager (Male) |
| 25:15 | Create | Villager (Male) |
| 25:21 | Build | Town Center |
| 25:29 | Create | Villager (Male) |
| 25:29 | Create | Villager (Male) |
| 25:34 | Build | Mining Camp |
Build order — Avenger
First 150 of 158 actions detected
| 0:02 | Create | Villager (Male) ×4 |
| 0:04 | Build | House |
| 0:05 | Build | House |
| 1:29 | Create | Villager (Male) |
| 1:56 | Build | Lumber Camp |
| 2:05 | Create | Villager (Male) |
| 2:05 | Create | Villager (Male) |
| 2:33 | Create | Villager (Male) |
| 2:33 | Create | Villager (Male) |
| 3:20 | Create | Villager (Male) |
| 3:26 | Build | House |
| 3:39 | Create | Villager (Male) |
| 4:08 | Create | Villager (Male) |
| 4:27 | Create | Villager (Male) |
| 4:27 | Create | Villager (Male) |
| 4:41 | Create | Villager (Male) |
| 4:51 | Build | Mining Camp |
| 5:08 | Create | Villager (Male) |
| 5:41 | Create | Villager (Male) |
| 5:50 | Create | Villager (Male) |
| 6:34 | Create | Villager (Male) |
| 6:45 | Research | Feudal Age |
| 7:14 | Create | Villager (Male) |
| 7:34 | Build | Barracks |
| 8:14 | Build | House |
| 8:55 | Age | Feudal Age |
| 8:57 | Build | Archery Range |
| 9:05 | Build | Archery Range |
| 9:09 | Build | House |
| 9:12 | Research | Loom |
| 9:15 | Build | Palisade Wall |
| 9:28 | Build | House |
| 9:33 | Build | Watch Tower |
| 9:55 | Build | House |
| 10:21 | Create | Villager (Male) |
| 10:42 | Create | Villager (Male) |
| 10:45 | Build | House |
| 10:54 | Create | Archer |
| 10:54 | Create | Archer |
| 10:55 | Create | Archer |
| 11:04 | Build | Mill |
| 11:17 | Create | Archer |
| 11:17 | Create | Archer |
| 11:28 | Build | Blacksmith |
| 11:35 | Create | Villager (Male) |
| 11:37 | Create | Villager (Male) |
| 11:56 | Create | Archer |
| 11:58 | Create | Villager (Male) |
| 11:59 | Create | Villager (Male) |
| 12:20 | Build | Mining Camp |
| 12:24 | Build | House |
| 12:30 | Build | House |
| 12:39 | Create | Archer |
| 13:02 | Research | Fletching |
| 13:06 | Build | House |
| 13:13 | Build | House |
| 13:17 | Build | Palisade Wall |
| 13:22 | Create | Archer |
| 13:27 | Build | Archery Range |
| 13:29 | Create | Villager (Male) |
| 13:29 | Create | Villager (Male) |
| 13:50 | Build | Mill |
| 14:01 | Build | House |
| 14:05 | Create | Villager (Male) |
| 14:05 | Create | Villager (Male) |
| 14:38 | Create | Archer |
| 14:38 | Create | Archer |
| 14:48 | Build | Farm |
| 14:52 | Build | Farm |
| 14:56 | Create | Archer |
| 15:01 | Create | Archer |
| 15:18 | Create | Archer |
| 15:19 | Create | Villager (Male) |
| 15:22 | Build | Farm |
| 15:29 | Create | Archer |
| 15:30 | Create | Villager (Male) |
| 15:36 | Create | Archer |
| 15:41 | Build | House |
| 15:45 | Build | House |
| 15:47 | Build | House |
| 15:53 | Create | Archer |
| 15:54 | Create | Villager (Male) |
| 16:04 | Create | Archer |
| 16:19 | Build | House |
| 16:29 | Create | Archer |
| 16:30 | Create | Villager (Male) |
| 16:44 | Create | Archer |
| 16:52 | Build | Farm |
| 17:10 | Create | Archer |
| 17:23 | Create | Archer |
| 17:35 | Build | Farm |
| 17:35 | Build | Farm |
| 17:57 | Build | Archery Range |
| 17:58 | Create | Archer |
| 18:00 | Create | Villager (Male) |
| 18:02 | Research | Horse Collar |
| 18:04 | Build | House |
| 18:14 | Build | House |
| 18:16 | Build | House |
| 18:26 | Build | Palisade Wall |
| 18:35 | Build | Watch Tower |
| 18:46 | Create | Villager (Male) |
| 19:00 | Create | Villager (Male) |
| 19:11 | Create | Villager (Male) |
| 19:13 | Build | Farm |
| 19:25 | Build | Farm |
| 19:40 | Create | Archer |
| 19:41 | Create | Villager (Male) |
| 19:52 | Build | Watch Tower |
| 20:00 | Create | Archer |
| 20:03 | Create | Villager (Male) |
| 20:04 | Create | Villager (Male) |
| 20:36 | Build | Farm |
| 20:52 | Build | Farm |
| 20:53 | Create | Villager (Male) |
| 21:04 | Build | Market |
| 21:31 | Create | Villager (Male) |
| 22:12 | Create | Villager (Male) |
| 22:12 | Create | Villager (Male) |
| 22:49 | Build | House |
| 22:58 | Build | House |
| 23:13 | Build | House |
| 23:16 | Build | House |
| 23:37 | Build | House |
| 24:08 | Research | Castle Age |
| 24:09 | Create | Archer |
| 24:22 | Build | House |
| 24:27 | Create | Archer |
| 24:30 | Build | Archery Range |
| 24:39 | Research | Double-Bit Axe |
| 24:40 | Create | Archer |
| 24:59 | Build | Palisade Gate |
| 25:02 | Create | Archer |
| 25:13 | Create | Villager (Male) |
| 25:24 | Create | Archer |
| 25:40 | Create | Archer |
| 25:45 | Create | Archer |
| 25:45 | Create | Archer |
| 25:51 | Research | Gold Mining |
| 25:57 | Create | Archer |
| 26:20 | Create | Archer |
| 26:48 | Age | Castle Age |
| 26:54 | Research | Bodkin Arrow |
| 27:06 | Research | Crossbowman (upgrade) |
| 27:23 | Create | Archer |
| 27:32 | Create | Archer |
| 28:23 | Create | Archer |
| 28:23 | Create | Villager (Male) |
| 28:32 | Create | Archer |
| 28:40 | Create | Archer |
Build order — PEPPA
First 150 of 204 actions detected
| 0:01 | Create | Villager (Male) |
| 0:01 | Create | Villager (Male) |
| 0:02 | Build | House |
| 0:04 | Build | House |
| 0:47 | Create | Villager (Male) |
| 0:47 | Create | Villager (Male) |
| 0:47 | Create | Villager (Male) |
| 1:16 | Create | Villager (Male) |
| 1:38 | Create | Villager (Male) |
| 1:57 | Create | Villager (Male) |
| 1:58 | Create | Villager (Male) |
| 2:30 | Build | Lumber Camp |
| 2:45 | Create | Villager (Male) |
| 3:16 | Create | Villager (Male) |
| 3:27 | Build | House |
| 3:36 | Create | Villager (Male) |
| 3:52 | Create | Villager (Male) |
| 4:11 | Create | Villager (Male) |
| 4:26 | Create | Villager (Male) |
| 5:03 | Create | Villager (Male) |
| 5:22 | Create | Villager (Male) |
| 5:38 | Build | Mining Camp |
| 5:42 | Build | Mining Camp |
| 6:21 | Research | Feudal Age |
| 7:24 | Build | Barracks |
| 7:49 | Build | House |
| 8:12 | Create | Villager (Male) |
| 8:31 | Age | Feudal Age |
| 8:40 | Build | Archery Range |
| 8:47 | Create | Villager (Male) |
| 9:09 | Create | Villager (Male) |
| 9:26 | Create | Archer |
| 9:32 | Build | Archery Range |
| 9:39 | Create | Villager (Male) |
| 9:44 | Build | House |
| 9:48 | Create | Villager (Male) |
| 10:01 | Create | Archer |
| 10:11 | Build | House |
| 10:25 | Create | Archer |
| 10:28 | Create | Villager (Male) |
| 10:38 | Create | Villager (Male) |
| 10:43 | Build | House |
| 10:54 | Build | Mill |
| 10:55 | Create | Villager (Male) |
| 11:00 | Create | Archer |
| 11:00 | Create | Archer |
| 11:12 | Create | Villager (Male) |
| 11:29 | Create | Villager (Male) |
| 11:32 | Build | Farm |
| 11:34 | Build | Farm |
| 11:38 | Create | Archer |
| 11:38 | Create | Archer |
| 11:38 | Create | Archer |
| 12:02 | Create | Archer |
| 12:02 | Create | Archer |
| 12:12 | Create | Archer |
| 12:12 | Create | Archer |
| 12:12 | Create | Archer |
| 12:21 | Create | Villager (Male) |
| 12:49 | Create | Villager (Male) |
| 13:00 | Build | Blacksmith |
| 13:04 | Create | Villager (Male) |
| 13:05 | Create | Archer |
| 13:05 | Create | Archer |
| 13:11 | Build | House |
| 13:54 | Create | Archer |
| 13:54 | Create | Archer |
| 14:06 | Build | House |
| 14:21 | Build | Market |
| 14:25 | Create | Archer |
| 14:40 | Create | Villager (Male) |
| 14:44 | Build | House |
| 14:57 | Create | Archer |
| 14:57 | Create | Archer |
| 15:14 | Build | House |
| 15:43 | Research | Castle Age |
| 15:51 | Build | House |
| 15:54 | Build | Farm |
| 16:01 | Build | House |
| 16:23 | Research | Fletching |
| 16:26 | Create | Archer |
| 16:26 | Create | Archer |
| 16:26 | Create | Archer |
| 16:26 | Create | Archer |
| 16:32 | Build | Farm |
| 16:37 | Build | House |
| 16:43 | Create | Archer |
| 16:43 | Create | Archer |
| 16:43 | Create | Archer |
| 16:43 | Create | Archer |
| 17:10 | Create | Archer |
| 17:10 | Create | Archer |
| 17:10 | Create | Archer |
| 17:39 | Create | Archer |
| 17:39 | Create | Archer |
| 17:39 | Create | Archer |
| 17:52 | Build | Archery Range |
| 18:14 | Build | House |
| 18:23 | Age | Castle Age |
| 18:29 | Research | Loom |
| 18:47 | Research | Bodkin Arrow |
| 19:48 | Build | House |
| 19:57 | Research | Crossbowman (upgrade) |
| 20:23 | Create | Villager (Male) |
| 20:23 | Create | Villager (Male) |
| 20:32 | Build | House |
| 20:39 | Create | Villager (Male) |
| 20:45 | Create | Archer |
| 20:45 | Create | Archer |
| 20:45 | Create | Archer |
| 20:48 | Build | Farm |
| 20:50 | Build | Farm |
| 21:21 | Create | Archer |
| 21:24 | Build | University |
| 21:27 | Create | Archer |
| 21:28 | Create | Archer |
| 21:28 | Create | Villager (Male) |
| 21:28 | Create | Villager (Male) |
| 21:28 | Create | Villager (Male) |
| 22:05 | Create | Villager (Male) |
| 22:19 | Build | Farm |
| 23:22 | Research | Ballistics |
| 23:36 | Build | Town Center |
| 23:43 | Create | Archer |
| 23:43 | Create | Archer |
| 23:43 | Create | Archer |
| 23:53 | Create | Villager (Male) |
| 23:53 | Create | Villager (Male) |
| 25:02 | Build | Archery Range |
| 25:07 | Build | Archery Range |
| 25:23 | Create | Villager (Male) |
| 25:23 | Create | Villager (Male) |
| 25:23 | Create | Villager (Male) |
| 25:23 | Create | Villager (Male) |
| 25:31 | Create | Archer |
| 25:31 | Create | Archer |
| 25:31 | Create | Archer |
| 26:03 | Build | Farm |
| 26:06 | Create | Archer |
| 26:06 | Create | Archer |
| 26:06 | Create | Archer |
| 26:17 | Create | Villager (Male) |
| 26:17 | Create | Villager (Male) |
| 26:17 | Create | Villager (Male) |
| 27:15 | Create | Archer |
| 27:15 | Create | Archer |
| 27:15 | Create | Archer |
| 27:15 | Create | Archer |
| 27:35 | Create | Archer |
| 27:35 | Create | Archer |
Build order — TRush
143 actions detected in the replay
| 0:01 | Create | Villager (Male) |
| 0:01 | Create | Villager (Male) |
| 0:02 | Create | Villager (Male) |
| 0:02 | Create | Villager (Male) |
| 0:04 | Build | House |
| 0:05 | Build | House |
| 1:23 | Create | Villager (Male) |
| 1:48 | Build | Lumber Camp |
| 2:03 | Create | Villager (Male) |
| 2:15 | Create | Villager (Male) |
| 2:52 | Create | Villager (Male) |
| 3:01 | Build | House |
| 3:16 | Create | Villager (Male) |
| 3:44 | Create | Villager (Male) |
| 3:44 | Create | Villager (Male) |
| 4:18 | Create | Villager (Male) |
| 4:18 | Create | Villager (Male) |
| 4:46 | Build | Mill |
| 5:00 | Create | Villager (Male) |
| 5:23 | Create | Villager (Male) |
| 5:59 | Create | Villager (Male) |
| 6:16 | Build | House |
| 6:27 | Research | Feudal Age |
| 8:11 | Create | Villager (Male) |
| 8:11 | Create | Villager (Male) |
| 8:18 | Build | Barracks |
| 8:37 | Age | Feudal Age |
| 8:41 | Build | Farm |
| 8:58 | Build | Stable |
| 9:12 | Create | Villager (Male) |
| 9:49 | Create | Scout Cavalry |
| 9:50 | Create | Scout Cavalry |
| 9:57 | Build | House |
| 10:22 | Create | Villager (Male) |
| 10:23 | Create | Villager (Male) |
| 10:28 | Build | Farm |
| 10:30 | Build | Farm |
| 10:33 | Build | Farm |
| 10:36 | Build | Farm |
| 10:40 | Create | Scout Cavalry |
| 10:46 | Build | House |
| 10:50 | Create | Scout Cavalry |
| 11:02 | Create | Scout Cavalry |
| 11:19 | Create | Scout Cavalry |
| 11:29 | Create | Villager (Male) |
| 11:32 | Build | Farm |
| 11:34 | Build | Farm |
| 12:11 | Create | Villager (Male) |
| 12:16 | Build | Blacksmith |
| 12:19 | Create | Villager (Male) |
| 12:26 | Create | Villager (Male) |
| 12:59 | Research | Scale Barding Armor |
| 13:01 | Build | House |
| 13:02 | Build | House |
| 13:05 | Build | House |
| 13:09 | Research | Loom |
| 13:14 | Build | Mining Camp |
| 13:30 | Create | Scout Cavalry |
| 13:37 | Create | Villager (Male) |
| 14:00 | Research | Forging |
| 14:01 | Create | Villager (Male) |
| 14:26 | Create | Scout Cavalry |
| 14:30 | Build | Farm |
| 14:33 | Build | Farm |
| 14:36 | Build | Farm |
| 14:55 | Create | Scout Cavalry |
| 14:56 | Create | Villager (Male) |
| 14:56 | Create | Villager (Male) |
| 14:59 | Build | Farm |
| 15:03 | Build | Farm |
| 15:25 | Create | Villager (Male) |
| 15:34 | Build | Farm |
| 15:34 | Build | Farm |
| 16:32 | Build | Farm |
| 16:32 | Build | Farm |
| 17:28 | Research | Castle Age |
| 17:36 | Build | Stable |
| 17:42 | Build | House |
| 17:58 | Research | Horse Collar |
| 18:33 | Research | Bloodlines |
| 19:25 | Build | Farm |
| 19:45 | Build | Farm |
| 19:48 | Build | Farm |
| 19:51 | Build | House |
| 19:54 | Build | House |
| 20:08 | Age | Castle Age |
| 20:11 | Create | Battle Elephant |
| 20:11 | Create | Battle Elephant |
| 20:13 | Create | Battle Elephant |
| 20:14 | Create | Battle Elephant |
| 20:15 | Create | Villager (Male) |
| 20:43 | Create | Villager (Male) |
| 20:56 | Build | House |
| 20:57 | Build | House |
| 21:33 | Research | Iron Casting |
| 21:34 | Create | Villager (Male) |
| 21:34 | Create | Villager (Male) |
| 21:38 | Build | Farm |
| 22:04 | Build | Palisade Wall |
| 22:19 | Build | Gate |
| 22:22 | Research | Husbandry |
| 22:24 | Create | Villager (Male) |
| 22:25 | Build | Farm |
| 22:28 | Build | Lumber Camp |
| 22:30 | Create | Villager (Male) |
| 22:33 | Build | Farm |
| 22:57 | Create | Villager (Male) |
| 23:08 | Create | Battle Elephant |
| 23:32 | Create | Battle Elephant |
| 23:56 | Create | Battle Elephant |
| 23:57 | Build | House |
| 24:13 | Build | Town Center |
| 25:17 | Create | Battle Elephant |
| 25:17 | Create | Battle Elephant |
| 25:17 | Create | Battle Elephant |
| 25:27 | Create | Villager (Male) |
| 25:45 | Create | Villager (Male) |
| 25:47 | Create | Battle Elephant |
| 26:04 | Create | Villager (Male) |
| 26:05 | Create | Battle Elephant |
| 26:53 | Create | Battle Elephant |
| 26:56 | Create | Villager (Male) |
| 26:58 | Create | Villager (Male) |
| 27:08 | Create | Battle Elephant |
| 27:08 | Create | Battle Elephant |
| 27:18 | Create | Villager (Male) |
| 27:38 | Build | Town Center |
| 28:14 | Create | Villager (Male) |
| 28:16 | Research | Wheelbarrow |
| 28:18 | Build | Farm |
| 28:19 | Create | Villager (Male) |
| 28:39 | Create | Villager (Male) |
| 28:40 | Create | Villager (Male) |
| 28:40 | Create | Villager (Male) |
| 28:46 | Build | Farm |
| 28:52 | Create | Villager (Male) |
| 29:48 | Research | Fletching |
| 29:59 | Build | Monastery |
| 30:21 | Create | Villager (Male) |
| 30:33 | Create | Battle Elephant |
| 30:34 | Create | Battle Elephant |
| 30:35 | Create | Villager (Male) |
| 30:40 | Build | Stable |
Build order — FraGStaR
First 150 of 200 actions detected
| 0:01 | Create | Villager (Male) |
| 0:01 | Create | Villager (Male) |
| 0:02 | Create | Villager (Male) |
| 0:02 | Create | Villager (Male) |
| 0:02 | Create | Villager (Male) |
| 0:04 | Build | House |
| 0:06 | Build | House |
| 1:26 | Create | Villager (Male) |
| 1:56 | Build | Lumber Camp |
| 2:02 | Create | Villager (Male) |
| 2:40 | Create | Villager (Male) |
| 3:14 | Create | Villager (Male) |
| 3:37 | Create | Villager (Male) |
| 4:22 | Create | Villager (Male) |
| 4:28 | Create | Villager (Male) |
| 4:36 | Build | House |
| 5:00 | Create | Villager (Male) |
| 5:24 | Create | Villager (Male) |
| 5:50 | Build | House |
| 6:03 | Create | Villager (Male) |
| 6:04 | Create | Villager (Male) |
| 6:22 | Build | Mill |
| 6:32 | Create | Villager (Male) |
| 6:32 | Create | Villager (Male) |
| 7:17 | Create | Villager (Male) |
| 7:50 | Create | Villager (Male) |
| 7:53 | Build | Mining Camp |
| 8:18 | Create | Villager (Male) |
| 8:47 | Create | Villager (Male) |
| 8:53 | Build | House |
| 9:07 | Research | Loom |
| 9:20 | Build | Barracks |
| 9:51 | Research | Feudal Age |
| 10:40 | Build | House |
| 11:03 | Create | Villager (Male) |
| 11:23 | Create | Villager (Male) |
| 12:01 | Age | Feudal Age |
| 12:11 | Build | Stable |
| 12:14 | Build | House |
| 12:19 | Create | Villager (Male) |
| 12:38 | Build | Blacksmith |
| 13:12 | Build | Palisade Wall |
| 13:13 | Build | Palisade Wall |
| 13:15 | Build | Palisade Wall |
| 13:34 | Build | Farm |
| 13:52 | Build | Palisade Wall |
| 13:55 | Research | Castle Age |
| 14:09 | Build | Farm |
| 14:10 | Build | Farm |
| 14:10 | Build | Farm |
| 14:10 | Build | Farm |
| 14:11 | Build | Farm |
| 14:11 | Build | Farm |
| 14:11 | Build | Farm |
| 14:12 | Build | Farm |
| 14:28 | Research | Horse Collar |
| 14:53 | Build | Farm |
| 15:05 | Build | Farm |
| 15:05 | Build | Farm |
| 15:05 | Build | Farm |
| 15:05 | Build | Farm |
| 15:06 | Build | Farm |
| 15:08 | Build | Farm |
| 15:09 | Build | Farm |
| 15:09 | Build | Farm |
| 15:10 | Build | Farm |
| 15:17 | Research | Double-Bit Axe |
| 16:34 | Build | Farm |
| 16:35 | Age | Castle Age |
| 16:35 | Build | Farm |
| 16:40 | Create | Knight |
| 16:40 | Create | Knight |
| 16:50 | Build | Stable |
| 16:56 | Research | Gold Mining |
| 16:57 | Create | Villager (Male) |
| 17:16 | Create | Villager (Male) |
| 17:20 | Create | Knight |
| 17:45 | Build | Farm |
| 17:45 | Build | Farm |
| 17:46 | Build | Farm |
| 17:48 | Create | Villager (Male) |
| 17:55 | Create | Knight |
| 18:37 | Research | Scale Barding Armor |
| 19:06 | Create | Knight |
| 19:07 | Create | Knight |
| 19:15 | Create | Villager (Male) |
| 19:23 | Create | Villager (Male) |
| 19:26 | Build | Farm |
| 19:26 | Build | Farm |
| 19:27 | Build | Farm |
| 19:33 | Build | House |
| 19:34 | Build | House |
| 19:40 | Create | Knight |
| 19:50 | Research | Bloodlines |
| 20:05 | Create | Villager (Male) |
| 20:26 | Create | Knight |
| 20:26 | Create | Knight |
| 20:42 | Create | Knight |
| 20:46 | Create | Villager (Male) |
| 20:46 | Create | Villager (Male) |
| 21:00 | Create | Knight |
| 21:10 | Create | Knight |
| 21:29 | Research | Chain Barding Armor |
| 21:34 | Create | Villager (Male) |
| 21:40 | Build | Farm |
| 21:40 | Build | Farm |
| 21:40 | Build | Farm |
| 21:51 | Build | Town Center |
| 21:57 | Create | Villager (Male) |
| 21:58 | Create | Knight |
| 22:04 | Create | Knight |
| 22:18 | Create | Knight |
| 22:22 | Create | Villager (Male) |
| 22:33 | Create | Villager (Male) |
| 22:41 | Build | House |
| 22:42 | Build | House |
| 22:44 | Build | House |
| 22:55 | Create | Knight |
| 22:56 | Create | Villager (Male) |
| 23:01 | Create | Knight |
| 23:12 | Build | Stable |
| 23:17 | Create | Villager (Male) |
| 23:24 | Create | Knight |
| 23:33 | Research | Forging |
| 23:43 | Create | Knight |
| 23:58 | Build | House |
| 23:59 | Build | House |
| 24:04 | Create | Knight ×2 |
| 24:10 | Create | Villager (Male) |
| 24:17 | Build | Mill |
| 24:19 | Build | Farm |
| 24:19 | Build | Farm |
| 24:19 | Build | Farm |
| 24:19 | Build | Farm |
| 24:25 | Create | Knight |
| 24:25 | Create | Knight |
| 24:36 | Create | Villager (Male) |
| 24:36 | Create | Villager (Male) |
| 25:12 | Create | Knight ×2 |
| 25:13 | Create | Villager (Male) |
| 25:13 | Create | Villager (Male) |
| 25:13 | Create | Villager (Male) |
| 25:26 | Build | House |
| 25:32 | Create | Villager (Male) |
| 25:40 | Research | Wheelbarrow |
| 25:50 | Create | Knight |
| 26:04 | Create | Knight |
| 26:05 | Create | Villager (Male) |
| 26:13 | Create | Knight |
| 26:27 | Create | Villager (Male) |
Build order — Morty2
First 150 of 241 actions detected
| 0:00 | Create | Villager (Male) |
| 0:00 | Create | Villager (Male) |
| 0:00 | Create | Villager (Male) |
| 0:00 | Create | Villager (Male) |
| 0:02 | Build | House |
| 0:02 | Build | House |
| 1:34 | Create | Villager (Male) |
| 1:55 | Create | Villager (Male) |
| 1:56 | Create | Villager (Male) |
| 1:56 | Create | Villager (Male) |
| 2:30 | Create | Villager (Male) |
| 2:30 | Create | Villager (Male) |
| 2:41 | Build | Lumber Camp |
| 3:06 | Build | House |
| 3:07 | Build | House |
| 3:27 | Create | Villager (Male) |
| 3:27 | Create | Villager (Male) |
| 3:28 | Create | Villager (Male) |
| 3:53 | Create | Villager (Male) |
| 3:53 | Create | Villager (Male) |
| 4:29 | Create | Villager (Male) |
| 5:11 | Create | Villager (Male) |
| 5:11 | Create | Villager (Male) |
| 5:12 | Create | Villager (Male) |
| 5:34 | Create | Villager (Male) |
| 5:47 | Create | Villager (Male) |
| 6:44 | Create | Villager (Male) |
| 6:52 | Build | Mill |
| 7:26 | Create | Villager (Male) |
| 7:26 | Create | Villager (Male) |
| 7:26 | Create | Villager (Male) |
| 7:27 | Create | Villager (Male) |
| 7:27 | Create | Villager (Male) |
| 7:27 | Create | Villager (Male) |
| 7:27 | Create | Villager (Male) |
| 7:28 | Create | Villager (Male) |
| 8:07 | Build | House |
| 8:41 | Build | Barracks |
| 8:59 | Build | Farm |
| 9:00 | Build | Farm |
| 9:02 | Build | Farm |
| 9:04 | Build | Farm |
| 10:06 | Build | Mining Camp |
| 10:07 | Research | Feudal Age |
| 10:35 | Create | Villager (Male) |
| 10:35 | Create | Villager (Male) |
| 11:03 | Build | House |
| 12:36 | Age | Feudal Age |
| 12:52 | Build | Stable |
| 12:55 | Build | Blacksmith |
| 12:57 | Research | Double-Bit Axe |
| 12:58 | Research | Horse Collar |
| 12:58 | Research | Horse Collar |
| 13:08 | Build | Stable |
| 13:41 | Research | Castle Age |
| 13:55 | Create | Scout Cavalry |
| 13:55 | Create | Scout Cavalry |
| 14:00 | Build | House |
| 14:01 | Build | House |
| 14:03 | Build | House |
| 14:04 | Build | House |
| 14:07 | Build | Farm |
| 14:08 | Build | Farm |
| 14:12 | Build | Farm |
| 14:20 | Create | Scout Cavalry |
| 14:21 | Create | Scout Cavalry |
| 14:37 | Create | Scout Cavalry |
| 14:37 | Create | Scout Cavalry |
| 14:42 | Research | Bloodlines |
| 14:42 | Research | Bloodlines |
| 14:49 | Build | Farm |
| 14:52 | Build | Farm |
| 14:56 | Create | Villager (Male) |
| 14:56 | Create | Villager (Male) |
| 15:20 | Build | Farm |
| 15:28 | Build | Farm |
| 15:31 | Create | Scout Cavalry |
| 15:31 | Create | Scout Cavalry |
| 15:58 | Research | Scale Barding Armor |
| 16:16 | Create | Villager (Male) |
| 16:21 | Age | Castle Age |
| 16:28 | Create | Steppe Lancer |
| 16:28 | Create | Steppe Lancer |
| 16:39 | Build | Farm |
| 16:41 | Build | Farm |
| 16:41 | Build | Farm |
| 16:43 | Build | Farm |
| 16:45 | Build | Farm |
| 16:45 | Create | Villager (Male) |
| 17:01 | Research | Light Cavalry (upgrade) |
| 17:02 | Research | Light Cavalry (upgrade) |
| 17:29 | Build | House |
| 17:30 | Build | House |
| 17:33 | Create | Steppe Lancer |
| 17:34 | Create | Steppe Lancer |
| 17:49 | Create | Villager (Male) |
| 17:54 | Build | Farm |
| 18:19 | Create | Villager (Male) |
| 18:28 | Create | Steppe Lancer |
| 18:29 | Create | Steppe Lancer |
| 19:03 | Create | Villager (Male) |
| 19:12 | Create | Villager (Male) |
| 19:13 | Build | Farm |
| 19:14 | Build | Farm |
| 19:22 | Create | Scout Cavalry |
| 19:25 | Create | Steppe Lancer |
| 19:25 | Create | Steppe Lancer |
| 19:28 | Build | Farm |
| 19:28 | Build | Farm |
| 19:33 | Build | Farm |
| 19:35 | Create | Villager (Male) |
| 19:37 | Build | Farm |
| 19:44 | Build | Farm |
| 19:50 | Create | Steppe Lancer |
| 20:08 | Build | Farm |
| 20:10 | Create | Villager (Male) |
| 20:32 | Build | Farm |
| 20:34 | Research | Chain Barding Armor |
| 20:35 | Research | Chain Barding Armor |
| 20:47 | Research | Loom |
| 20:55 | Build | Farm |
| 20:56 | Create | Villager (Male) |
| 20:58 | Build | Farm |
| 21:05 | Create | Villager (Male) |
| 21:21 | Create | Steppe Lancer |
| 21:21 | Create | Steppe Lancer |
| 21:21 | Create | Steppe Lancer |
| 21:33 | Create | Steppe Lancer |
| 21:39 | Create | Villager (Male) |
| 21:57 | Create | Steppe Lancer |
| 21:57 | Create | Steppe Lancer |
| 21:59 | Create | Villager (Male) |
| 22:17 | Build | Market |
| 22:20 | Create | Steppe Lancer |
| 22:28 | Create | Steppe Lancer |
| 22:30 | Create | Villager (Male) |
| 22:34 | Create | Steppe Lancer |
| 22:51 | Create | Villager (Male) |
| 22:55 | Create | Steppe Lancer |
| 22:55 | Create | Steppe Lancer |
| 23:15 | Create | Steppe Lancer |
| 23:16 | Create | Steppe Lancer |
| 23:19 | Build | House |
| 23:23 | Build | House |
| 23:35 | Build | Town Center |
| 23:37 | Create | Villager (Male) |
| 23:47 | Research | Forging |
| 23:52 | Build | House |
| 23:53 | Build | House |
| 23:56 | Create | Steppe Lancer |
Build order — Mirror
First 150 of 159 actions detected
| 0:02 | Create | Villager (Male) |
| 0:02 | Create | Villager (Male) |
| 0:03 | Create | Villager (Male) |
| 0:04 | Build | House |
| 0:05 | Build | House |
| 0:23 | Create | Villager (Male) |
| 0:23 | Create | Villager (Male) |
| 1:33 | Create | Villager (Male) |
| 1:43 | Create | Villager (Male) |
| 1:44 | Create | Villager (Male) |
| 2:14 | Create | Villager (Male) |
| 2:28 | Create | Villager (Male) |
| 2:59 | Build | Lumber Camp |
| 3:03 | Create | Villager (Male) |
| 3:11 | Build | House |
| 3:25 | Create | Villager (Male) |
| 3:25 | Create | Villager (Male) |
| 4:28 | Create | Villager (Male) |
| 4:41 | Create | Villager (Male) |
| 4:41 | Create | Villager (Male) |
| 4:43 | Create | Villager (Male) |
| 4:43 | Create | Villager (Male) |
| 4:58 | Create | Villager (Male) |
| 5:49 | Build | Barracks |
| 6:24 | Build | House |
| 6:30 | Research | Loom |
| 6:41 | Research | Feudal Age |
| 6:54 | Create | Militia |
| 7:06 | Create | Militia |
| 7:27 | Create | Militia |
| 7:47 | Build | Mining Camp |
| 7:50 | Create | Militia |
| 8:38 | Create | Villager (Male) |
| 8:50 | Build | House |
| 8:53 | Age | Feudal Age |
| 9:10 | Build | Watch Tower |
| 9:15 | Research | Man-at-Arms (upgrade) |
| 9:30 | Build | House |
| 9:31 | Create | Villager (Male) |
| 9:45 | Build | Mill |
| 10:53 | Create | Villager (Male) |
| 10:53 | Create | Villager (Male) |
| 11:31 | Create | Villager (Male) |
| 11:40 | Build | Mining Camp |
| 11:41 | Create | Villager (Male) |
| 12:06 | Create | Villager (Male) |
| 12:27 | Build | Watch Tower |
| 12:31 | Create | Spearman |
| 12:31 | Create | Spearman |
| 12:31 | Create | Spearman |
| 12:56 | Build | Archery Range |
| 13:01 | Create | Villager (Male) |
| 14:20 | Create | Villager (Male) |
| 14:21 | Create | Villager (Male) |
| 14:21 | Create | Villager (Male) |
| 14:23 | Create | Villager (Male) |
| 14:36 | Build | Blacksmith |
| 14:42 | Create | Villager (Male) |
| 14:55 | Create | Spearman |
| 14:55 | Create | Spearman |
| 15:08 | Research | Fletching |
| 15:27 | Create | Villager (Male) |
| 15:34 | Build | Watch Tower |
| 15:42 | Create | Villager (Male) |
| 15:52 | Build | House |
| 16:13 | Create | Archer ×5 |
| 16:29 | Build | House |
| 16:29 | Build | House |
| 17:13 | Create | Archer |
| 17:13 | Create | Archer |
| 17:37 | Build | Watch Tower |
| 17:45 | Create | Archer |
| 17:45 | Create | Archer |
| 17:52 | Research | Double-Bit Axe |
| 17:53 | Create | Villager (Male) |
| 17:53 | Create | Villager (Male) |
| 17:53 | Create | Villager (Male) |
| 17:53 | Create | Villager (Male) |
| 18:01 | Research | Horse Collar |
| 18:26 | Build | Watch Tower |
| 18:49 | Create | Villager (Male) |
| 18:49 | Create | Villager (Male) |
| 18:54 | Build | Farm |
| 18:55 | Build | Farm |
| 19:53 | Create | Villager (Male) |
| 20:24 | Build | Farm |
| 20:24 | Build | Farm |
| 20:24 | Build | Farm |
| 20:25 | Build | Farm |
| 20:25 | Build | Farm |
| 20:25 | Build | Farm |
| 20:25 | Build | Farm |
| 20:25 | Build | Farm |
| 20:29 | Create | Villager (Male) |
| 20:30 | Create | Villager (Male) |
| 20:31 | Create | Villager (Male) |
| 20:31 | Create | Villager (Male) |
| 20:49 | Build | Palisade Wall |
| 20:53 | Build | Palisade Gate |
| 21:06 | Build | Market |
| 21:18 | Build | House |
| 21:19 | Build | House |
| 21:39 | Build | Lumber Camp |
| 21:59 | Create | Archer |
| 22:00 | Create | Archer |
| 22:15 | Build | House |
| 22:15 | Build | House |
| 22:43 | Create | Villager (Male) |
| 22:58 | Build | House |
| 22:59 | Build | House |
| 23:00 | Build | House |
| 23:07 | Build | Palisade Wall |
| 23:10 | Create | Villager (Male) |
| 23:39 | Build | Farm |
| 23:54 | Build | Farm |
| 23:54 | Build | Farm |
| 23:55 | Build | Farm |
| 24:01 | Research | Castle Age |
| 24:01 | Research | Castle Age |
| 24:45 | Build | Farm |
| 24:46 | Build | Farm |
| 24:47 | Build | Farm |
| 24:48 | Build | Farm |
| 24:49 | Build | Farm |
| 24:50 | Build | Farm |
| 24:51 | Build | Farm |
| 24:51 | Build | Farm |
| 25:34 | Build | House |
| 25:37 | Build | House |
| 25:39 | Build | House |
| 26:02 | Research | Gold Mining |
| 26:06 | Research | Stone Mining |
| 26:34 | Build | Palisade Wall |
| 26:41 | Age | Castle Age |
| 26:49 | Create | Villager (Male) |
| 26:49 | Create | Villager (Male) |
| 27:05 | Create | Villager (Male) |
| 27:19 | Research | Crossbowman (upgrade) |
| 27:21 | Research | Bodkin Arrow |
| 27:31 | Create | Villager (Male) |
| 27:36 | Create | Villager (Male) |
| 28:08 | Build | Castle |
| 28:30 | Build | Siege Workshop |
| 28:34 | Research | Wheelbarrow |
| 28:35 | Create | Villager (Male) |
| 28:36 | Create | Villager (Male) |
| 29:03 | Create | Villager (Male) |
| 29:03 | Create | Villager (Male) |
| 29:03 | Create | Villager (Male) |
| 29:16 | Create | Mangonel |
Match timeline
| 5:49 | Mirror · first_building Barracks |
| 7:24 | PEPPA · first_building Barracks |
| 7:32 | MODI · first_building Barracks |
| 7:34 | Avenger · first_building Barracks |
| 8:18 | TRush · first_building Barracks |
| 8:31 | PEPPA · age_up feudal |
| 8:37 | TRush · age_up feudal |
| 8:40 | PEPPA · first_building Archery Range |
| 8:41 | Morty2 · first_building Barracks |
| 8:53 | Mirror · age_up feudal |
| 8:55 | Avenger · age_up feudal |
| 8:57 | Avenger · first_building Archery Range |
| 8:58 | TRush · first_building Stable |
| 9:15 | Avenger · wall_segment Palisade Wall x1 |
| 9:20 | FraGStaR · first_building Barracks |
| 9:20 | MODI · age_up feudal |
| 9:22 | MODI · first_building Archery Range |
| 9:41 | AMMbush · first_building Barracks |
| 10:31 | AMMbush · age_up feudal |
| 11:26 | AMMbush · first_building Stable |
| 12:01 | FraGStaR · age_up feudal |
| 12:11 | FraGStaR · first_building Stable |
| 12:36 | Morty2 · age_up feudal |
| 12:52 | Morty2 · first_building Stable |
| 12:56 | Mirror · first_building Archery Range |
| 13:12 | FraGStaR · wall_segment Palisade Wall x1 |
| 13:13 | FraGStaR · wall_segment Palisade Wall x1 |
| 13:15 | FraGStaR · wall_segment Palisade Wall x1 |
| 13:17 | Avenger · wall_segment Palisade Wall x1 |
| 13:52 | FraGStaR · wall_segment Palisade Wall x1 |
| 14:47 | AMMbush · age_up castle |
| 15:07 | PEPPA · first_market_sell 500 stone |
| 15:08 | PEPPA · first_market_buy 100 food |
| 16:21 | Morty2 · age_up castle |
| 16:35 | FraGStaR · age_up castle |
| 18:23 | PEPPA · age_up castle |
| 18:26 | Avenger · wall_segment Palisade Wall x1 |
| 20:08 | TRush · age_up castle |
| 20:49 | Mirror · wall_segment Palisade Wall x9 |
| 21:04 | MODI · age_up castle |
| 22:04 | TRush · wall_segment Palisade Wall x1 |
| 22:19 | Mirror · first_market_buy 500 food |
| 22:20 | Avenger · first_market_buy 100 food |
| 22:21 | Mirror · first_market_sell 100 stone |
| 22:23 | Avenger · first_market_sell 100 stone |
| 23:07 | Mirror · wall_segment Palisade Wall x6 |
| 26:22 | MODI · first_building Siege Workshop |
| 26:34 | Mirror · wall_segment Palisade Wall x3 |
| 26:41 | Mirror · age_up castle |
| 26:48 | Avenger · age_up castle |
| 28:08 | Mirror · first_building Castle |
| 28:30 | Mirror · first_building Siege Workshop |
| 29:59 | TRush · first_building Monastery |
| 30:17 | Morty2 · wall_segment Palisade Wall x1 |
| 30:43 | Morty2 · resign |
| 30:52 | Avenger · first_building Castle |
[ AI ANALYSIS · 1 CREDIT ]
What really happened in this match?
Wolo.gg analyzes every decision: build order, eco, micro, common mistakes by bracket. Personalized analysis on WhatsApp or Discord in 30 seconds.
Civ guide
Hindustanis
Perfil
Jugador #3355637